 Dungeon Sprint DCSS version 0.28.0-53-g5a82cb258f (webtiles) character file.

Game seed: 16405445339868743102

6 Descartes the Cudgeller (level 2, -9/22 HPs)
             Began as a Formicid Warper on May 29, 2022.
             Was an Initiate of Jiyva.
             Mangled by a merfolk
             ... wielding a +0 trident
              (15 damage)
             ... in the Dungeon (Sprint V: "Ziggurat Sprint").
             The game lasted 00:02:48 (88 turns).

Descartes the Cudgeller (Formicid Warper)             Turns: 88, Time: 00:02:49

Health: -9/22      AC: 25    Str: 27    XL:     2   Next: 0%
Magic:  5/5        EV:  1    Int: 12    God:    Jiyva [......]
Gold:   0          SH: 24    Dex: 10    Spells: 5/5 levels left

rFire   + + .      SeeInvis +   E - +7 great mace "Firestarter" {inner flame, rF++}
rCold   . . .      Faith    .   D - +18 shield of the Gong {rElec rN+ Will+ EV-5}
rNeg    + . .      Spirit   .   C - +15 Maxwell's patent armour {-Cast -Tele rElec Will+ rCorr}
rPois   .          Reflect  .   (helmet unavailable)
rElec   +          Harm     .   (no cloak)
rCorr   +          Rampage  .   (no gloves)
Will    ++...      NoCast   +   (no boots)
Stlth   ..........              (no amulet)
HPRegen 0.07/turn               z - +6 ring of strength
MPRegen 0.09/turn               A - +6 ring of strength

@: no status effects
A: permanent stasis, dig shafts and tunnels, antennae 3, four strong arms
a: Dig, Renounce Religion


You were in the Dungeon.
You worshipped Jiyva.
Jiyva was noncommittal.
You visited 1 branch

Inventory:

Hand Weapons
 a - the +10 dark maul {vorpal}
   (You found it in the Dungeon)

   It inflicts extra damage upon your enemies.
 b - the +6 shillelagh "Devastator" {shatter}
   (You found it in the Dungeon)

   It releases a powerful concussive burst when it strikes, dealing extra damage
   to the target and all other foes adjacent to them.
 E - the +7 great mace "Firestarter" (weapon) {inner flame, rF++}
   (You found it in the Dungeon)

   It burns those it strikes, dealing additional fire damage.
   It fills those it strikes with an explosive inner flame.
   It grants immunity to clouds of flame.
   rF:        It greatly protects you from fire.
 F - the +8 lance "Wyrmbane" {slay drac, rPois rF+ rC+ AC+3}
   (You found it in the Dungeon)

   It inflicts extra damage against dragons and draconians.
   AC:        It affects your AC (+3).
   rF:        It protects you from fire.
   rC:        It protects you from cold.
   rPois:     It protects you from poison.
Missiles
 c - 5 boomerangs of dispersal (quivered)
Armour
 C - the +15 Maxwell's patent armour (worn) {-Cast -Tele rElec Will+ rCorr}
   (You found it in the Dungeon)

   rElec:     It insulates you from electricity.
   -Cast:     It prevents spellcasting.
   -Tele:     It prevents most forms of teleportation.
   rCorr:     It protects you from acid and corrosion.
   Will:      It increases your willpower.
 D - the +18 shield of the Gong (worn) {rElec rN+ Will+ EV-5}
   (You found it in the Dungeon)

   It is deafeningly noisy when blocking attacks.
   EV:        It affects your evasion (-5).
   rElec:     It insulates you from electricity.
   rN:        It protects you from negative energy.
   Will:      It increases your willpower.
Jewellery
 u - a ring of flight
 v - a +6 ring of dexterity
 w - a +6 ring of dexterity
 x - a +6 ring of intelligence
 y - a +6 ring of intelligence
 z - a +6 ring of strength (left hand)
 A - a +6 ring of strength (right hand)
Wands
 r - a wand of mindburst (7)
 s - a wand of iceblast (7)
 t - a wand of acid (7)
Scrolls
 h - 4 scrolls of amnesia
 i - 7 scrolls of fog
 j - a scroll of holy word
 k - 5 scrolls of identify
 l - 2 scrolls of fear
Potions
 d - 10 potions of curing
 e - 10 potions of heal wounds
 f - 7 potions of magic
 m - 2 potions of brilliance
 n - 2 potions of invisibility
 o - 4 potions of resistance
 q - 5 potions of might
Miscellaneous
 B - a lightning rod (4/4)


   Skills:
 + Level 2.1 Fighting
 + Level 7.7 Maces & Flails
 + Level 1.0 Throwing
 + Level 1.1 Armour
 + Level 1.7 Dodging
 + Level 2.1 Spellcasting
 + Level 2.6 Translocations


You had 5 spell levels left.
You didn't know any spells.
Your spell library contained the following spells:

 Spells                   Type           Power      Damage    Failure   Level
 Gell's Gravitas          Tloc           7%         N/A       100%        3
 Lesser Beckoning         Tloc           7%         N/A       100%        3
 Teleport Other           Tloc           7%         N/A       100%        3
 Manifold Assault         Tloc           7%         N/A       100%        5
 Blink                    Tloc           Unusable   N/A       N/A         2

Dungeon Overview and Level Annotations

Branches:
Dungeon (1/1)

Altars:
Ashenzari
Cheibriados
Dithmenos
Elyvilon
Fedhas
Gozag
Hepliaklqana
Kikubaaqudgha
Makhleb
Nemelex Xobeh
Okawaru
Qazlal
Ru
Sif Muna
Trog
Uskayaw
Vehumet
Wu Jian
Xom
Yredelemnul
Zin
The Shining One
Beogh
Jiyva
Lugonu

Annotations:
D 1 transporter


Innate Abilities, Weirdness & Mutations

You cannot be hasted, slowed, berserked, paralysed or teleported.
You can dig through walls and to a lower floor.
You have a pair of large antennae on your head. (SInv)
Your four strong arms can wield two-handed weapons with a shield.


Message History

Found a transporter.
You block the merfolk's attack.
PANG!
The merfolk hits you but does no damage.
You hear a distant slurping noise.
You bludgeon the merfolk!! You burn the merfolk.
The merfolk is filled with an inner flame.
The merfolk is severely wounded.
You hear a distant slurping noise.
You block the merfolk's attack.
GONNNNG!
You block the merfolk's attack.
GONNNNG!
You block the merfolk's attack.
GONNNNG!
You hear a distant slurping noise.
The merfolk hits you but does no damage.
You closely miss the merfolk.
The merfolk is severely wounded.
You block the merfolk's attack.
PTOANNNG!
You block the merfolk's attack.
SHROANNG!
You hit the merfolk.
Flame seeps out of the merfolk.
You burn the merfolk.
Flame seeps out of the merfolk.
The merfolk is severely wounded.
The merfolk's inner flame fades away.
You block the merfolk's attack.
SHROANNG!
The merfolk is engulfed in blazing flames.
The merfolk hits you with a +0 trident!
You hear a distant slurping noise.
You hear a splash.
The merfolk hits you from afar with a +0 trident!
* * * LOW HITPOINT WARNING * * *
The merfolk is engulfed in blazing flames.
You block the merfolk's attack.
GONNNNG!
You bludgeon the merfolk!! You burn the merfolk.
You kill the merfolk!
The merfolk hits you from afar with a +0 trident!
Ouch! That really hurt!
You die...

▓▓▓▓▓▓▓
▓.8©8.▓
{{
▓.....▓
▓.|.m.▓
▓..°..▓
▓..@..▓
▓..©..▓
▓▓▓▓▓▓▓
{{{ { {


You could see a merfolk.

Vanquished Creatures
  A merfolk (D)
1 creature vanquished.

Vanquished Creatures (others)
  A shard shrike (shapeshifter) (D)
  A rockslime (shapeshifter) (D)
  A ghost moth (shapeshifter) (D)
  An entropy weaver (shapeshifter) (D)
  2 radroaches (shapeshifter) (D)
  2 shock serpents (shapeshifter) (D)
  2 fire crabs (shapeshifter) (D)
  A steelbarb worm (shapeshifter) (D)
  A death drake (shapeshifter) (D)
  An orb spider (shapeshifter) (D)
  2 harpies (shapeshifter) (D)
  A mana viper (shapeshifter) (D)
  3 cyclopes (shapeshifter) (D)
  A manticore (shapeshifter) (D)
  A faun (shapeshifter) (D)
  A guardian serpent (shapeshifter) (D)
  A black mamba (shapeshifter) (D)
  A rime drake (shapeshifter) (D)
  3 komodo dragons (shapeshifter) (D)
  A troll (shapeshifter) (D)
  3 slime creatures (shapeshifter) (D)
  A wind drake (shapeshifter) (D)
  A spriggan (shapeshifter) (D)
  A human (shapeshifter) (D)
  A swamp worm (shapeshifter) (D)
  2 floating eyes (shapeshifter) (D)
  A boggart (shapeshifter) (D)
  A jelly (D)
  A hound (shapeshifter) (D)
  A river rat (shapeshifter) (D)
41 creatures vanquished.

Grand Total: 42 creatures vanquished

Notes
Turn   | Place    | Note
-------+----------+-------------------------------------------
     0 | D        | Descartes the Formicid Warper began the quest for the Orb.
     0 | D        | Reached XP level 1. HP: 16/16 MP: 3/3
     3 | D        | Found a blossoming altar of Fedhas.
     3 | D        | Found the +6 Majin-Bo {vamp, MP+6 Int+6}
     3 | D        | Found the +9 heavy crossbow "Sniper" {vorpal, Acc+∞ SInv}
     3 | D        | Found the +10 dark maul {vorpal}
     3 | D        | Found the +15 Maxwell's patent armour {-Cast -Tele rElec
                  | Will+ rCorr}
     3 | D        | Found the +18 shield of the Gong {rElec rN+ Will+ EV-5}
     3 | D        | Found the +14 obsidian axe {vorpal, Mesm Drain Fly SInv}
     3 | D        | Found the +7 great mace "Firestarter" {inner flame, rF++}
     3 | D        | Found the +6 shillelagh "Devastator" {shatter}
     3 | D        | Found the +11 plutonium sword {Contam Stlth-}
     3 | D        | Found the +8 lance "Wyrmbane" {slay drac, rPois rF+ rC+
                  | AC+3}
     3 | D        | Found the +9 sword of Zonguldrok {reap}
     3 | D        | Found the +13 scythe of Curses {drain, Drain}
     3 | D        | Found the +5 sword of Power {vorpal}
     3 | D        | Found the +7 mace of Variability {chain chaos}
     3 | D        | Found the +7 Singing Sword {vorpal, sonic wave}
     3 | D        | Found the +8 storm bow {elec, penet}
     4 | D        | Found a viscous altar of Jiyva.
     4 | D        | Found a hazy altar of Hepliaklqana.
     4 | D        | Found a transporter.
     4 | D        | Found an opulent altar of Gozag.
     4 | D        | Found an ancient bone altar of Kikubaaqudgha.
     4 | D        | Found a corrupted altar of Lugonu.
    17 | D        | Found a burning altar of Makhleb.
    19 | D        | Found a sacrificial altar of Ru.
    19 | D        | Found a shimmering blue altar of Sif Muna.
    19 | D        | Found a stormy altar of Qazlal.
    19 | D        | Found a bloodstained altar of Trog.
    19 | D        | Found an iron altar of Okawaru.
    19 | D        | Found a sparkling altar of Nemelex Xobeh.
    48 | D        | Became a worshipper of Jiyva Jozest the Shapeless
    51 | D        | Killed a rockslime
    52 | D        | Killed a slime creature
    53 | D        | Killed a hound
    54 | D        | Killed a radroach
    54 | D        | Killed a manticore
    55 | D        | Killed a human
    55 | D        | Killed a ghost moth
    55 | D        | Killed a cyclops
    56 | D        | Killed a komodo dragon
    56 | D        | Killed a shard shrike
    57 | D        | Killed a komodo dragon
    57 | D        | Killed a fire crab
    57 | D        | Killed a slime creature
    58 | D        | Killed a komodo dragon
    58 | D        | Killed a faun
    59 | D        | Killed a rime drake
    60 | D        | Killed a radroach
    60 | D        | Killed a floating eye
    61 | D        | Killed a fire crab
    61 | D        | Killed a death drake
    62 | D        | Killed a slime creature
    62 | D        | Killed a harpy
    64 | D        | Killed an orb spider
    64 | D        | Killed a black mamba
    65 | D        | Killed a cyclops
    65 | D        | Killed a swamp worm
    66 | D        | Killed a steelbarb worm
    66 | D        | Killed a floating eye
    67 | D        | Killed a shock serpent
    68 | D        | Killed a guardian serpent
    70 | D        | Reached skill level 7 in Maces & Flails
    70 | D        | Reached XP level 2. HP: 22/22 MP: 5/5
    72 | D        | Killed a boggart
    74 | D        | Killed a mana viper
    74 | D        | Killed a wind drake
    75 | D        | Killed a shock serpent
    76 | D        | Killed a spriggan
    76 | D        | Killed a troll
    79 | D        | Killed a cyclops
    80 | D        | Killed an entropy weaver
    81 | D        | Killed a harpy
    83 | D        | Entered arena 2.
    83 | D        | Noticed a merfolk
    83 | D        | Noticed a merfolk
    83 | D        | Found a transporter.
    88 | D        | Killed a merfolk
    88 | D        | Mangled by a merfolk

Illustrated notes

Levels and vault maps discovered:
D:        sprint_v [room_start, room_1, room_2, room_3, room_4, room_5, room_6,
          room_7, room_8, room_9, room_10, room_11, room_12, room_13, room_14,
          room_15, room_16, room_17, room_18, room_19, room_20, room_21,
          room_22, room_23, room_24, room_25, room_26, room_27]

Skill      XL: |  1 |
---------------+----+-----
Maces & Flails | 7 |  7.7
Fighting       | |  2.1
Throwing       | |  1.0
Armour         | |  1.1
Dodging        | |  1.7
Spellcasting   | |  2.1
Translocations | |  2.6

Action                   || total
-------------------------++-------
Melee: Great mace        ||     4
  Use: Potion            ||     1
Armor: Plate armour      ||     2
Block: Kite shield       ||     9
